ABL
SOUTH SYDNEY RABBITOHS @ SOUTH MELBOURNE SWANS
06/10/2022
 
TOP OF THE 1ST
South Sydney Rabbitohs batting - Pitching for South Melbourne Swans : RHP Trey Sherwin
Pitching: RHP Trey Sherwin
Batting: LHB Clint Soper 0-0: Ball
1-0: SINGLE (Groundball, 4M, EV 103.1 MPH) (infield hit)
Batting: RHB Arnie Bartelot 0-0: Called Strike
Clint Soper steals 2nd base
0-1: Foul Ball, location: 9LSF
0-2: Strikes out swinging
Batting: RHB Kirby Hooley 0-0: Called Strike
0-1: Foul Ball, location: 9LMF
0-2: Ground out 6-3 (Groundball, 6, EV 103.1 MPH)
Clint Soper to third
Batting: RHB Pete Vinson 0-0: Ball
1-0: Called Strike
1-1: Ground out 6-3 (Groundball, 6S, EV 88.1 MPH)
Top of the 1st over - 0 runs, 1 hit, 0 errors, 1 left on base; South Sydney 0 - South Melbourne 0
BOTTOM OF THE 1ST
South Melbourne Swans batting - Pitching for South Sydney Rabbitohs : RHP Keith Bence
Pitching: RHP Keith Bence
Batting: LHB Braeden Scarth 0-0: Ball
1-0: Ball
2-0: Called Strike
2-1: Ball
3-1: Swinging Strike
3-2: Base on Balls
Batting: RHB Rhett Johnston 0-0: Fly out, F8 (Flyball, 8RD, EV 103.8 MPH)
Batting: LHB Calvin Ingleby 0-0: Called Strike
0-1: Swinging Strike
0-2: Ball
1-2: Hit by Pitch
Braeden Scarth to second
Batting: RHB Kole Palethorpe 0-0: Swinging Strike
0-1: Ball
1-1: Fly out, F3 (Popup, 3SF, EV 76.9 MPH)
Batting: RHB Hector Gomez 0-0: Ball
1-0: Fly out, F8 (Flyball, 89XD, EV 99.4 MPH)
Bottom of the 1st over - 0 runs, 0 hits, 0 errors, 2 left on base; South Sydney 0 - South Melbourne 0
TOP OF THE 2ND
South Sydney Rabbitohs batting - Pitching for South Melbourne Swans : RHP Trey Sherwin
Batting: SHB Quentin Pursglove 0-0: Called Strike
0-1: Ball
1-1: Foul Ball, location: 5F
1-2: Ball
2-2: Foul Ball, location: 7LMF
2-2: Foul Ball, location: 2LF
2-2: Ball
3-2: Base on Balls
Batting: RHB Axel Winson 0-0: Called Strike
0-1: Bunt missed!
0-2: Grounds into double play, 5-4-3 (Groundball, 56, EV 107.5 MPH)
Batting: SHB Orren Norwood 0-0: Called Strike
0-1: Ball
1-1: Ball
2-1: Swinging Strike
2-2: Ground out 3-1 (Groundball, 34, EV 85.6 MPH)
Top of the 2nd over - 0 runs, 0 hits, 0 errors, 0 left on base; South Sydney 0 - South Melbourne 0
BOTTOM OF THE 2ND
South Melbourne Swans batting - Pitching for South Sydney Rabbitohs : RHP Keith Bence
Batting: RHB Jarrod Rudder 0-0: Ball
1-0: Ball
2-0: Swinging Strike
2-1: DOUBLE (Flyball, 89XD, EV 94.4 MPH)
Batting: RHB Mark Goudie 0-0: Fly out, F2 (Popup, 13S, EV 81.3 MPH)
Batting: RHB Michael Hancock 0-0: Called Strike
0-1: Ball
1-1: Foul Ball, location: 2F
1-2: Ball
2-2: Foul Ball, location: 2F
2-2: Ground out 1-3 (Groundball, 13, EV 68.1 MPH)
Batting: RHB Trey Sherwin 0-0: Ground out 5-3 (Groundball, 56S, EV 64.4 MPH)
Bottom of the 2nd over - 0 runs, 1 hit, 0 errors, 1 left on base; South Sydney 0 - South Melbourne 0
TOP OF THE 3RD
South Sydney Rabbitohs batting - Pitching for South Melbourne Swans : RHP Trey Sherwin
Batting: RHB Oliver Trick 0-0: Called Strike
0-1: Foul Ball, location: 9LMF
0-2: Foul Ball, location: 7LMF
0-2: Ball
1-2: Ball
2-2: Ball
3-2: Foul Ball, location: 2F
3-2: Strikes out swinging
Batting: RHB Keith Bence 0-0: Called Strike
0-1: Called Strike
0-2: Ball
1-2: Foul Ball, location: 2F
1-2: Ball
2-2: Ball
3-2: Ground out 4-3 (Groundball, 4M, EV 103.1 MPH)
Batting: LHB Clint Soper 0-0: Ball
1-0: Foul Ball, location: 25FF
1-1: SINGLE (Line Drive, 8RS, EV 90.0 MPH)
Batting: RHB Arnie Bartelot 0-0: Ball
1-0: Ball
2-0: Called Strike
2-1: Ball
3-1: Called Strike
3-2: SINGLE (Line Drive, 7S, EV 101.9 MPH)
Clint Soper to second
Clint Soper to third
Batting: RHB Kirby Hooley 0-0: Foul Ball, location: 25FF
0-1: DOUBLE (Line Drive, 9LM, EV 102.5 MPH)
Clint Soper scores
Arnie Bartelot to third
Batting: RHB Pete Vinson 0-0: Foul Ball, location: 7LSF
0-1: Foul Ball, location: 9LMF
0-2: Foul Ball, location: 9LDF
0-2: DOUBLE (Line Drive, 9LM, EV 102.5 MPH)
Arnie Bartelot scores
Kirby Hooley scores
Batting: SHB Quentin Pursglove 0-0: Ball
1-0: Foul Ball, location: 3F
1-1: SINGLE (Line Drive, 8RS, EV 106.3 MPH)
Pete Vinson to third
Runner from 3rd tries for Home, SAFE, throw by CF to home
Batting: RHB Axel Winson 0-0: Ball
1-0: Ball
2-0: Called Strike
2-1: Foul Ball, location: 3DF
2-2: Ball
3-2: Base on Balls
Quentin Pursglove to second
Batting: SHB Orren Norwood 0-0: Ball
1-0: Foul Ball, location: 2F
1-1: Ball
2-1: Ball
3-1: Base on Balls
Quentin Pursglove to third
Axel Winson to second
Batting: RHB Oliver Trick 0-0: Foul Ball, location: 2F
0-1: Ball
1-1: Ball
2-1: Fly out, F8 (Flyball, 89M, EV 95.0 MPH)
Top of the 3rd over - 4 runs, 5 hits, 0 errors, 3 left on base; South Sydney 4 - South Melbourne 0
BOTTOM OF THE 3RD
South Melbourne Swans batting - Pitching for South Sydney Rabbitohs : RHP Keith Bence
Batting: LHB Braeden Scarth 0-0: Called Strike
0-1: Swinging Strike
0-2: Ground out 4-3 (Groundball, 4, EV 84.4 MPH)
Batting: RHB Rhett Johnston 0-0: Swinging Strike
0-1: Fly out, F8 (Flyball, 8LXD, EV 98.8 MPH)
Batting: LHB Calvin Ingleby 0-0: Foul Ball, location: 5DF
0-1: Swinging Strike
0-2: Ground out 6-3 (Groundball, 4M, EV 90.0 MPH)
Bottom of the 3rd over - 0 runs, 0 hits, 0 errors, 0 left on base; South Sydney 4 - South Melbourne 0
TOP OF THE 4TH
South Sydney Rabbitohs batting - Pitching for South Melbourne Swans : RHP Trey Sherwin
Batting: RHB Keith Bence 0-0: Called Strike
0-1: Called Strike
0-2: Ball
1-2: Foul Ball, location: 23F
1-2: Ball
2-2: Strikes out swinging
Batting: LHB Clint Soper 0-0: Foul Ball, location: 2F
0-1: Called Strike
0-2: Ball
1-2: Strikes out swinging
Batting: RHB Arnie Bartelot 0-0: Foul Ball, location: 9LSF
0-1: Foul Ball, location: 2F
0-2: Ball
1-2: Ball
2-2: Ball
3-2: Strikes out swinging
Top of the 4th over - 0 runs, 0 hits, 0 errors, 0 left on base; South Sydney 4 - South Melbourne 0
BOTTOM OF THE 4TH
South Melbourne Swans batting - Pitching for South Sydney Rabbitohs : RHP Keith Bence
Batting: RHB Kole Palethorpe 0-0: Foul Ball, location: 7LDF
0-1: Ball
1-1: Fly out, F8 (Flyball, 8RD, EV 88.8 MPH)
Batting: RHB Hector Gomez 0-0: Fly out, F7 (Flyball, 78M, EV 83.8 MPH)
Batting: RHB Jarrod Rudder 0-0: Called Strike
0-1: Called Strike
0-2: Ball
1-2: Foul Ball, location: 25FF
1-2: Foul Ball, location: 23F
1-2: DOUBLE (Line Drive, 78D, EV 107.5 MPH)
Batting: RHB Mark Goudie 0-0: Swinging Strike
0-1: Ball
1-1: Ball
2-1: Fly out, F4 (Popup, 4, EV 66.3 MPH)
Bottom of the 4th over - 0 runs, 1 hit, 0 errors, 1 left on base; South Sydney 4 - South Melbourne 0
TOP OF THE 5TH
South Sydney Rabbitohs batting - Pitching for South Melbourne Swans : RHP Trey Sherwin
Batting: RHB Kirby Hooley 0-0: Foul Ball, location: 7LMF
0-1: Ball
1-1: Foul Ball, location: 2F
1-2: Foul Ball, location: 2F
1-2: Ball
2-2: Ball
3-2: Foul Ball, location: 9LMF
3-2: Strikes out swinging
Batting: RHB Pete Vinson 0-0: Called Strike
0-1: Ball
1-1: Foul Ball, location: 7LDF
1-2: Ball
2-2: Fly out, F7 (Flyball, 7D, EV 106.9 MPH)
Batting: SHB Quentin Pursglove 0-0: Called Strike
0-1: Fly out, F9 (Line Drive, 89M, EV 89.4 MPH)
Top of the 5th over - 0 runs, 0 hits, 0 errors, 0 left on base; South Sydney 4 - South Melbourne 0
BOTTOM OF THE 5TH
South Melbourne Swans batting - Pitching for South Sydney Rabbitohs : RHP Keith Bence
Batting: RHB Michael Hancock 0-0: Ball
1-0: Ball
2-0: Ball
3-0: Called Strike
3-1: Fly out, F9 (Flyball, 89S, EV 95.6 MPH)
Pinch Hitting: RHB Juan Huezo 0-0: Fly out, F8 (Flyball, 89M, EV 91.3 MPH)
Batting: LHB Braeden Scarth 0-0: Ball
1-0: Foul Ball, location: 3F
1-1: Foul Ball, location: 23F
1-2: Foul Ball, location: 3FF
1-2: Ball
2-2: Foul Ball, location: 7LSF
2-2: Foul Ball, location: 9LMF
2-2: Fly out, F5 (Popup, 5F, EV 81.9 MPH)
Bottom of the 5th over - 0 runs, 0 hits, 0 errors, 0 left on base; South Sydney 4 - South Melbourne 0
TOP OF THE 6TH
South Sydney Rabbitohs batting - Pitching for South Melbourne Swans : RHP Trey Sherwin
Pitching: LHP Jory White
Batting: RHB Axel Winson 0-0: Called Strike
0-1: DOUBLE (Line Drive, 9LM, EV 106.3 MPH)
Batting: SHB Orren Norwood 0-0: Called Strike
0-1: Called Strike
0-2: Foul Ball, location: 9LDF
0-2: Ball
1-2: Ball
2-2: Strikes out swinging
Batting: RHB Oliver Trick 0-0: Called Strike
0-1: Ball
1-1: Ball
2-1: Swinging Strike
2-2: Ground out 5-3 (Groundball, 56S, EV 105.6 MPH)
Batting: RHB Keith Bence 0-0: SINGLE (Groundball, 34D, EV 109.4 MPH)
Axel Winson to third
Runner from 3rd tries for Home, SAFE, throw by RF to home
Batting: LHB Clint Soper 0-0: Ball
1-0: Foul Ball, location: 7LMF
1-1: Ball
2-1: Called Strike
2-2: Strikes out swinging
Top of the 6th over - 1 run, 2 hits, 0 errors, 1 left on base; South Sydney 5 - South Melbourne 0
BOTTOM OF THE 6TH
South Melbourne Swans batting - Pitching for South Sydney Rabbitohs : RHP Keith Bence
Batting: RHB Rhett Johnston 0-0: Ball
1-0: Ball
2-0: Swinging Strike
2-1: Called Strike
2-2: Strikes out swinging
Batting: LHB Calvin Ingleby 0-0: Called Strike
0-1: DOUBLE (Flyball, 78D, EV 100.6 MPH)
Batting: RHB Kole Palethorpe 0-0: Foul Ball, location: 9LDF
0-1: Ball
1-1: DOUBLE (Line Drive, 9LM, EV 109.4 MPH)
Calvin Ingleby scores
Batting: RHB Hector Gomez 0-0: Called Strike
0-1: Swinging Strike
0-2: Ball
1-2: Strikes out swinging
Batting: RHB Jarrod Rudder 0-0: Foul Ball, location: 3DF
0-1: Fly out, F8 (Flyball, 8RD, EV 87.5 MPH)
Bottom of the 6th over - 1 run, 2 hits, 0 errors, 1 left on base; South Sydney 5 - South Melbourne 1
TOP OF THE 7TH
South Sydney Rabbitohs batting - Pitching for South Melbourne Swans : LHP Jory White
Batting: RHB Arnie Bartelot 0-0: Ball
1-0: Called Strike
1-1: Fly out, F7 (Flyball, 7D, EV 90.6 MPH)
Batting: RHB Kirby Hooley 0-0: Foul Ball, location: 9LMF
0-1: Ball
1-1: Fly out, F6 (Popup, 6M, EV 79.4 MPH)
Batting: RHB Pete Vinson 0-0: Ball
1-0: Swinging Strike
1-1: Fly out, F7 (Flyball, 7, EV 92.5 MPH)
Top of the 7th over - 0 runs, 0 hits, 0 errors, 0 left on base; South Sydney 5 - South Melbourne 1
BOTTOM OF THE 7TH
South Melbourne Swans batting - Pitching for South Sydney Rabbitohs : RHP Keith Bence
Batting: RHB Mark Goudie 0-0: Called Strike
0-1: Foul Ball, location: 9LSFF
0-2: Ball
1-2: Ball
2-2: Ball
3-2: Foul Ball, location: 9LMF
3-2: Base on Balls
Batting: RHB Michael Hancock 0-0: Ball
1-0: Ball
2-0: SINGLE (Groundball, 34D, EV 102.5 MPH)
Mark Goudie to second
Runner from 2nd tries for 3rd, SAFE, no throw by RF
Pinch Hitting: RHB Logan Maxwell 0-0: Ball
1-0: SINGLE (Line Drive, 9S, EV 102.5 MPH)
Mark Goudie scores
Michael Hancock to second
Batting: LHB Braeden Scarth 0-0: Called Strike
0-1: Foul Ball, location: 7LDF
0-2: Ball
1-2: Ball
2-2: Ball
3-2: Foul Ball, location: 9LDF
3-2: Fly out, F9 (Flyball, 89XD, EV 95.0 MPH)
Runner from 2nd tags up, SAFE at 3rd, no throw by RF
Pitching: LHP Tony Minet
Batting: RHB Rhett Johnston 0-0: Fly out, F2 (Popup, 5SF, EV 80.6 MPH)
Batting: LHB Calvin Ingleby 0-0: Called Strike
0-1: Called Strike
0-2: Strikes out swinging
Bottom of the 7th over - 1 run, 2 hits, 0 errors, 2 left on base; South Sydney 5 - South Melbourne 2
TOP OF THE 8TH
South Sydney Rabbitohs batting - Pitching for South Melbourne Swans : LHP Jory White
Pitching: RHP Elvin Sadler
Batting: SHB Quentin Pursglove 0-0: Called Strike
0-1: Ball
1-1: Ball
2-1: Fly out, F9 (Flyball, 89D, EV 97.5 MPH)
Batting: RHB Axel Winson 0-0: Ball
1-0: Ball
2-0: Called Strike
2-1: Fly out, F7 (Flyball, 78S, EV 86.9 MPH)
Batting: SHB Orren Norwood 0-0: Fly out, F6 (Line Drive, 4MD, EV 70.6 MPH)
Top of the 8th over - 0 runs, 0 hits, 0 errors, 0 left on base; South Sydney 5 - South Melbourne 2
BOTTOM OF THE 8TH
South Melbourne Swans batting - Pitching for South Sydney Rabbitohs : LHP Tony Minet
Batting: RHB Kole Palethorpe 0-0: Foul Ball, location: 25F
0-1: Ball
1-1: Called Strike
1-2: SINGLE (Line Drive, 78S, EV 86.3 MPH)
Batting: RHB Hector Gomez 0-0: Ball
1-0: DOUBLE (Line Drive, 7LS, EV 101.3 MPH)
Kole Palethorpe to third
Batting: RHB Jarrod Rudder 0-0: Fielders Choice at home, 5-2 (Groundball, 56, EV 88.8 MPH)
Hector Gomez to third
Batting: RHB Mark Goudie 0-0: Foul Ball, location: 5SF
0-1: Foul Ball, location: 2F
0-2: Foul Ball, location: 2F
0-2: Ball
1-2: Fielders Choice at home, 5-2 (Groundball, 56, EV 81.9 MPH)
Jarrod Rudder to second
Batting: RHB Michael Hancock 0-0: Called Strike
0-1: Foul Ball, location: 2F
0-2: Ball
1-2: Ball
2-2: Strikes out looking
Bottom of the 8th over - 0 runs, 2 hits, 0 errors, 2 left on base; South Sydney 5 - South Melbourne 2
TOP OF THE 9TH
South Sydney Rabbitohs batting - Pitching for South Melbourne Swans : RHP Elvin Sadler
Batting: RHB Oliver Trick 0-0: Called Strike
0-1: Foul Ball, location: 5FF
0-2: Ball
1-2: Foul Ball, location: 9LMF
1-2: SOLO HOME RUN (Flyball, 9D, EV 94.4 MPH), Distance : 363 ft
Pinch Hitting: RHB Neil Vanstone 0-0: Called Strike
0-1: Fly out, F8 (Flyball, 8RM, EV 96.9 MPH)
Batting: LHB Clint Soper 0-0: Ball
1-0: Ball
2-0: Swinging Strike
2-1: Swinging Strike
2-2: Ball
3-2: Foul Ball, location: 2F
3-2: Ground out U3 (Groundball, 3L, EV 90.0 MPH)
Batting: RHB Arnie Bartelot 0-0: Ball
1-0: Ground out 5-3 (Groundball, 56, EV 85.6 MPH)
Top of the 9th over - 1 run, 1 hit, 0 errors, 0 left on base; South Sydney 6 - South Melbourne 2
BOTTOM OF THE 9TH
South Melbourne Swans batting - Pitching for South Sydney Rabbitohs : LHP Tony Minet
Pitching: LHP Ben Pearn
Pinch Hitting: LHB C.B. Hadingham 0-0: Foul Ball, location: 7LSF
0-1: Ground out 1-3 (Groundball, 13, EV 70.6 MPH)
Batting: LHB Braeden Scarth 0-0: Ball
1-0: Ball
2-0: Foul Ball, location: 2F
2-1: Foul Ball, location: 2F
2-2: Ball
3-2: Base on Balls
Batting: RHB Rhett Johnston 0-0: Called Strike
0-1: Ball
1-1: Called Strike
1-2: Ball
2-2: Foul Ball, location: 2F
2-2: Strikes out swinging
Batting: LHB Calvin Ingleby 0-0: Called Strike
0-1: Ball
1-1: Foul Ball, location: 7LDF
1-2: Fly out, F7 (Flyball, 7, EV 92.5 MPH)
Bottom of the 9th over - 0 runs, 0 hits, 0 errors, 1 left on base; South Sydney 6 - South Melbourne 2
Wednesday, May 1st , 2024 - OOTP Baseball 24.9 Build 80